[Event "*** Titled Tuesday Blitz"]
[Site "Chess.com"]
[Date "2020.04.28"]
[Round "5"]
[White "MarcoRiehle"]
[Black "WPWPWP-2015"]
[Result "0-1"]
[WhiteElo "2567"]
[BlackElo "2424"]
[TimeControl "180+1"]
[EndTime "10:58:34 PDT"]
[Termination "WPWPWP-2015 won by resignation"]

1. e4 c5 2. a3 Nc6 3. b4 e5 4. b5 Nd4 5. c3 Ne6 6. Nf3 d5 7.
exd5 Qxd5 8. c4 Qe4+ 9. Be2 Nf4 10. Nc3 Qf5 11. O-O e4 12. Ne1 Qg6 13. d3 Nxg2 14.
Nxg2 Bh3 15. Bf3 exf3 16. Qxf3 Bxg2 17. Qxg2 O-O-O 18. Qxg6 hxg6 19. Bf4 Bd6 20. Bxd6 Rxd6 21. Rad1 Nf6 22. Rfe1 Rhd8 23. Re3 b6 24. Rf3 R8d7 25. a4 Rd4 26. h3 Kb7 27. Kg2 Kc8 28. Re3 Kd8 29.
a5 Nh5 30. Nd5 Nf4+ 31. Nxf4 Rxf4 32. axb6 axb6 33. Ra1 Rfd4 34. Ra8+ Kc7 35. Ra3 g5 36. Ra7+ Kd6 37. Ra6 Rb7 38. Re8 Kd7 39. Re3 g4 40. hxg4 Rxg4+ 41. Kf3 Rd4 42. Ke2 Rd6 43. Rg3 Re6+ 44.
Kd2 g6 45. Rf3 Ke7 46. Re3 Kd6 47. Rxe6+ Kxe6 48. d4 Kd6 49. Kd3 cxd4 50. Kxd4 Kc7 51. c5 bxc5+ 52. Kxc5 g5 53. b6+ Kb8 54. Ra1 Re7 55. Rd1 Kb7 56. Rd5 f6 57. Rf5 Re6 58.
Rd5 Rc6+ 59. Kd4 Kxb6 60. Ke4 Rc4+ 61. Ke3 Rf4 62. Rd1 Kc6 63. Rd8 Rf5 64. Rd1 Kc5 65. Ra1 Kd6 66. Ra6+ Ke5 67. Ra7 Rf4 68. Ra5+ Ke6 69.
Ra6+ Kf5 70. Ra5+ Kg4 71. Ra8 Rf3+ 72. Ke2 Rb3 73. Kf1 f5 74. Kg2 Rb2 75. Ra4+ f4 76.
Rc4 Re2 77. Ra4 Rd2 78. Rb4 Ra2 79. Rc4 Ra5 80. Rb4 Kh4 81. Rc4 Rf5 82. Kf3 Rb5 83.
Kg2 Rb3 84. Ra4 Kh5 85. Ra8 Kg4 86. Ra4 Rb2 87. Rc4 Rd2 88. Ra4 Kf5 89. Rb4 Rd5 90.
Ra4 g4 91. Rb4 Re5 92. Kg1 f3 93. Rb1 Kg5 94. Kh2 Re2 95. Kg3 Re5 96. Rb5 Rxb5 97. Kh2 Rb2 98. Kg3 Rc2 99. Kh2 Rxf2+ 100. Kg1 Rg2+ 101.
Kh1 Re2 102. Kg1 g3 103. Kf1 Kf4 0-1

[Event "*** Titled Tuesday Blitz"]
[Site "Chess.com"]
[Date "2020.04.28"]
[Round "5"]
[White "freshfoodcompany"]
[Black "slowdgehammer"]
[Result "1-0"]
[WhiteElo "2211"]
[BlackElo "2337"]
[TimeControl "180+1"]
[EndTime "10:58:43 PDT"]
[Termination "freshfoodcompany won on time"]

1. d4 Nf6 2. c4 g6 3. Nc3 Bg7 4.
e4 d6 5. Nf3 O-O 6. Be2 e5 7.
d5 a5 8. Bg5 h6 9. Bh4 g5 10.
Bg3 Nh5 11. Nd2 Nf4 12. Bxf4 exf4 13. Bg4 Na6 14. Bxc8 Rxc8 15. O-O Qd7 16. h3 Nc5 17. Nb3 b6 18. Nxc5 bxc5 19. Qe2 a4 20. Nb5 Rfe8 21.
Qc2 Ra8 22. Rfe1 f3 23. Rad1 fxg2 24. Kxg2 Re5 25. Qe2 f5 26. Qf3 Rf8 27. Re3 fxe4 28. Qg4 Qe7 29. Rde1 Ref5 30. R1e2 Kh7 31. Qxe4 Be5 32.
Na7 Kg7 33. Nc6 Qf6 34. Qc2 g4 35. hxg4 Rg5 36. Nxe5 dxe5 37. Qe4 h5 38. Rg3 h4 39. Rh3 Qf4 40. Qxf4 Rxf4 41. Rxh4 Rxc4 42. Kg3 Rd4 43.
f3 Rxd5 44. Re4 Rd4 45. Rxd4 cxd4 46. Rh1 Kf6 47. f4 exf4+ 48. Kxf4 Rd5 49. Rh6+ Kg7 50. Ke4 Rd7 51. Rc6 d3 52. Rc1 d2 53. Rd1 Kg6 54. Ke3 Kg5 55. Rxd2 Re7+ 56. Kd3 Kxg4 57. Kc4 Kf3 58.
Rd3+ Ke2 59. Rd4 Ke3 60. Rh4 Kd2 61. Kb4 Kc2 62. Rh2+ Kb1 63. Kxa4 Kxa2 64. b3+ Kb1 65. Ka3 Kc1 66. Kb4 Kd1 67. Kc3 Ke1 68. Kd3 Rd7+ 69.
Ke3 Re7+ 70. Kd4 Rd7+ 71. Ke5 Kd1 72. Ke6 Rg7 73. Kd5 Kc1 74. Kc6 Rf7 75. b4 Kb1 76. b5 Ka1 77. Rd2 Rg7 78. Rd7 Rg6+ 79. Kxc7 Kb2 80. b6 Rg5 81. b7 Rc5+ 82. Kb6 Rc3 83. b8=Q Rb3+ 84. Kc7 Ka3 85. Qa7+ Kb2 86. Qf2+ Kc3 87.
Qf3+ Kc4 88. Qxb3+ Kxb3 89. Kb6 Kc4 90. Kc6 Kc3 91. Rd5 Kc4 92. Kd6 Kc3 93. Rc5+ Kb4 94. Kd5 Ka4 95. Rc4+ Kb5 96. Rd4 Kb6 97. Rb4+ Kc7 98.
Kc5 Kd7 99. Rb6 Kc7 100. Kb5 Kd7 101. Rc6 Ke7 102. Kc5 Kd7 103. Rd6+ Ke7 104. Kd5 Kf7 105. Re6 Kf8 106. Ke5 Kf7 107. Kf5 Kg7 108. Rf6 Kh7 109. Kg5 Kg7 110. Rf5 Kg8 111. Kg6 1-0

[Event "*** Titled Tuesday Blitz"]
[Site "Chess.com"]
[Date "2020.04.28"]
[Round "5"]
[White "crescentmoon2411"]
[Black "mishanick"]
[Result "1/2-1/2"]
[WhiteElo "2796"]
[BlackElo "3025"]
[TimeControl "180+1"]
[EndTime "10:58:46 PDT"]
[Termination "Game drawn by agreement"]

1. e4 c5 2. Nf3 d6 3. d4 cxd4 4. Nxd4 Nf6 5. Nc3 a6 6. Bg5 e6 7. f4 Qb6 8. a3 Nbd7 9. Nb3 Be7 10. Qf3 h6 11. Bxf6 Bxf6 12. O-O-O Qc7 13. Rd3 Rb8 14. Be2 b5 15. Rhd1 Be7 16. Kb1 b4 17.
axb4 Rxb4 18. Rd4 Rxd4 19. Rxd4 O-O 20. Rc4 Qb6 21. Ka2 Bb7 22. Qd3 a5 23. Qd4 Nc5 24.
Nxc5 dxc5 25. Qd7 Bf6 26. e5 Rd8 27. Qb5 Qxb5 28. Nxb5 Be7 29. Ra4 Rd2 30. Bf3 Bxf3 31.
gxf3 Rxc2 32. Rxa5 Rxh2 33. Ra8+ Kh7 34. Ra7 Bh4 35. Nd6 Kg6 36. Rxf7 Rf2 37. f5+ exf5 38. e6 Re2 39. Rxf5 Rxe6 40. Rd5 Be7 41. Ne4 h5 42.
Kb3 h4 43. Kc4 h3 44. Rd1 Re5 45. Rh1 Rh5 46. Kd3 Rh4 47. b3 Kf5 48. Ke3 Bg5+ 49.
Kf2 Bf4 50. Rd1 h2 51. Kg2 Rh8 52. Rd5+ Ke6 53. Rd1 Be3 54. Kh1 Bg1 55. Rd6+ Ke5 56.
Rg6 Rh7 57. Rg4 Be3 58. Rg2 Bf4 59. Nxc5 Kf5 60. Nd3 Bd6 61. f4 Rh3 62. Nf2 Rf3 63. Rxh2 Bxf4 64. Rg2 g5 65. Kg1 Rxb3 66. Kf1 Rb1+ 67.
Ke2 Rb2+ 68. Kf1 Rb3 69. Ke2 Re3+ 70. Kf1 Re8 71. Ng4 Ra8 72. Nh6+ Ke4 73. Re2+ Kf3 74. Rf2+ Ke4 75. Re2+ Kd5 76. Kg2 Ra3 77. Nf5 Rd3 78.
Ne7+ Kc5 79. Nf5 Rb3 80. Rc2+ Kd5 81. Re2 Ra3 82. Ne7+ Kd4 83. Nf5+ Kd3 84. Re6 Ra5 85. Nh6 Ra1 86. Kf3 Rg1 87. Nf5 Bc1 88. Rd6+ Kc4 89.
Rc6+ Kd5 90. Rc2 Ke5 91. Ne3 Re1 92. Ng4+ Kf5 93. Rc5+ Kg6 94. Rc6+ Kf7 95. Rc7+ Ke6 96. Rc2 Bf4 97. Re2+ Rxe2 98. Kxe2 Kf5 99. Kf3 Kg6 100. Nf2 Kh5 101. Ng4 Kh4 102. Nf6 Bc7 103. Ng4 Bb6 104. Nh6 Kh5 105. Ng4 Bd4 106. Nh2 Kh4 107. Ng4 Kh3 108. Nh6 Be5 109. Ng4 Bg7 110. Ne3 Bf8 111. Ng4 Bc5 112. Nh6 Bf8 113. Ng4 Bg7 114. Ne3 Bd4 1/2-1/2

[Event "*** Titled Tuesday Blitz"]
[Site "Chess.com"]
[Date "2020.04.28"]
[Round "5"]
[White "Aikiigm"]
[Black "Jumbo"]
[Result "0-1"]
[WhiteElo "2527"]
[BlackElo "2748"]
[TimeControl "180+1"]
[EndTime "10:59:16 PDT"]
[Termination "Jumbo won on time"]

1. e4 c5 2. Nc3 d6 3. d4 cxd4 4. Qxd4 Nc6 5. Qd2 g6 6. b3 Bh6 7. f4 Nf6 8. g3 a5 9. Bb2 a4 10. Nxa4 Nxe4 11. Qe3 Qa5+ 12. Nc3 Nf6 13. Bg2 O-O 14.
Ne2 Bf5 15. Qd2 Rad8 16. Rc1 e5 17. Nd5 Qxd2+ 18. Kxd2 Nxd5 19. Bxd5 Rfe8 20. Rhe1 Bg4 21. Rb1 Bxe2 22. Rxe2 exf4 23. gxf4 Bxf4+ 24. Kd1 Rxe2 25. Kxe2 Re8+ 26. Kf3 Bxh2 27. Rd1 h5 28. a3 Re7 29. Kg2 Be5 30. Bc1 Kg7 31. c4 Nd4 32. b4 Nf5 33. a4 Bc3 34. b5 Ba5 35. Bf4 b6 36. Bf3 Bb4 37. a5 Bxa5 38. Rd5 Bb4 39. Bxh5 Bc5 40. Bg4 Ne3+ 41. Bxe3 Rxe3 42. Bd7 f5 43. Rd1 Kf6 44. Bc6 g5 45. Rg1 g4 46. Rh1 Kg5 47. Rh7 Re2+ 48. Kf1 Rf2+ 49. Ke1 Kf4 50. Bd7 Kg3 51. Rg7 Bb4+ 52. Kd1 Rf4 53. Rg5 Rxc4 54. Bxf5 Rd4+ 55.
Kc2 Bc5 56. Bd7 Kh4 57. Rg6 Rf4 58. Kd3 Kg3 59. Rg5 Kh4 60. Rg6 d5 61. Rg5 d4 62.
Kc4 Kg3 63. Rg6 Kh4 64. Rg7 Kg3 65. Rg6 Kf3 66. Bc6+ Kf2 67. Bd7 g3 68. Bc6 d3+ 69. Kxd3 Rd4+ 70. Kc3 Rd6 71. Rg4 Rf6 72. Kc4 Bd6 73.
Rg8 Bc5 74. Bb7 Rf4+ 75. Kd3 Rf7 76. Bc6 Rf6 77. Kc4 Bd6 78. Kd4 Ke2 79. Rg5 Kd2 80. Ke4 Kc3 81. Rg4 Kb4 82. Ke3+ Ka5 83.
Ke2 Rf5 84. Rg8 Re5+ 85. Kf3 Re6 86. Rg7 Rf6+ 87. Kg2 Kb4 88. Rg4+ Kc3 89. Bf3 Bc7 90. Rg7 Bd6 91. Rb7 Rh6 92. Rxb6 Rh2+ 93. Kf1 Rf2+ 94. Kg1 Bc5 95. Rc6 Kb4 96. Rxc5 Kxc5 97.
Be4 Kxb5 98. Bb7 Kc5 99. Ba8 Kd4 100. Bb7 Ke3 101. Ba8 Kf4 102. Bb7 Rc2 103. Bd5 Kg4 104. Be6+ Kh4 105. Bd7 Rd2 106. Bf5 Kg5 107. Bc8 Kf4 108. Bb7 g2 109. Kh2 Kg4 110. Bxg2 Kf4 111. Kh3 Rd3+ 112. Kh2 Rd2 0-1

[Event "*** Titled Tuesday Blitz"]
[Site "Chess.com"]
[Date "2020.04.28"]
[Round "5"]
[White "NiranjanNavalgund"]
[Black "12teen"]
[Result "1/2-1/2"]
[WhiteElo "2494"]
[BlackElo "2789"]
[TimeControl "180+1"]
[EndTime "10:59:29 PDT"]
[Termination "Game drawn - insufficient material"]

1. Nf3 a6 2. e4 b5 3. a4 Bb7 4. axb5 axb5 5. Rxa8 Bxa8 6. Bxb5 Bxe4 7. O-O e6 8. Re1 Bb7 9. d4 Nf6 10. Bg5 Be7 11. c4 O-O 12. Nc3 h6 13. Bf4 d6 14.
h3 Nbd7 15. Qe2 Qa8 16. d5 e5 17. Bc1 c6 18. dxc6 Bxc6 19. Bxc6 Qxc6 20. Nh4 Rb8 21. Nf5 Bf8 22. Rd1 Rb4 23. Ne3 Nb6 24. Ncd5 Nbxd5 25. cxd5 Qa4 26. Nc2 Re4 27. Be3 Qb3 28. Na1 Qa2 29.
Qd2 Ra4 30. Qc2 Nxd5 31. Rxd5 Qxa1+ 32. Kh2 Rb4 33. Bc1 Qa2 34. Rd3 Rc4 35. Rc3 d5 36.
Rxc4 dxc4 37. Qc3 Bd6 38. Be3 Qb3 39. Qd2 e4+ 40. Qxd6 Qxb2 41. Qd4 c3 42. Bf4 f6 43.
Qd5+ Kh8 44. Qxe4 Qxf2 45. Qe8+ Kh7 46. Qe4+ Kh8 47. Be3 Qe2 48. Qd4 c2 49. Qd2 Qc4 50. Qd8+ Kh7 51. Qd2 h5 52. Kh1 Qe4 53. Kh2 h4 54.
Qe1 g5 55. Qd2 Kg6 56. Qc1 Qe5+ 57. Kh1 Qe4 58. Qd2 Kh5 59. Qe2+ Kg6 60. Qd2 Qc4 61.
Qc1 Qd3 62. Kh2 Qd1 63. Qd2 Qb1 64. Qc1 Kf5 65. Qd2 Ke4 66. Qd4+ Kf5 67. Qd3+ Ke6 68.
Qe4+ Kf7 69. Qh7+ Ke6 70. Qe4+ Kd7 71. Qd5+ Ke7 72. Qc5+ Kf7 73. Qc3 Qb8+ 74. Kg1 Qb1+ 75. Kh2 Qb8+ 76. Kg1 Qg3 77. Qc4+ Kg7 78. Bf2 Qf4 79.
Qxc2 Kh6 80. Qe2 Kg6 81. Qd3+ f5 82. Qe3 Qc4 83. Qe8+ Kf6 84. Qe3 Kg6 85. Qd4 Qc1+ 86. Kh2 Qc7+ 87. Kg1 Qc1+ 88. Kh2 Qc7+ 89. g3 hxg3+ 90.
Bxg3 f4 91. Qe4+ Kh5 92. Bf2 Kh6 93. Kg2 Kh5 94. Qe8+ Kh6 95. Qh8+ Kg6 96. Qe8+ Kh6 97. Qe4 Kh5 98. Qf3+ Kg6 99. Qg4 Qc6+ 100. Qf3 Qe6 101. Qg4 Qe4+ 102. Qf3 Qc2 103. Qd5 Kh5 104. Qf7+ Kh6 105.
Qf6+ Kh5 106. Qh8+ Kg6 107. Qg8+ Kh6 108. Qf8+ Kh5 109. Qe8+ Kh6 110. Qe6+ Kh5 111. Qg4+ Kh6 112. h4 Qe4+ 113. Kh2 gxh4 114. Qxh4+ Kg6 115. Qg4+ Kf6 116. Bh4+ Ke5 117. Qg7+ Kd5 118. Qb7+ Kd4 119. Bf2+ Ke5 120. Qe7+ Kf5 121. Qh7+ Ke5 122. Qg7+ Kf5 123. Qh7+ Ke5 124. Qc7+ Kf5 125. Qc3 Qe5 126. Qh3+ Ke4 127. Kg1 Qg5+ 128. Kf1 Qb5+ 129. Kg1 Qg5+ 130. Qg2+ Qxg2+ 131. Kxg2 f3+ 132. Kg3 Kd3 133. Kxf3 1/2-1/2

[Event "*** Titled Tuesday Blitz"]
[Site "Chess.com"]
[Date "2020.04.28"]
[Round "6"]
[White "12teen"]
[Black "ManuDavid2910"]
[Result "1/2-1/2"]
[WhiteElo "2786"]
[BlackElo "2644"]
[TimeControl "180+1"]
[EndTime "11:01:25 PDT"]
[Termination "Game drawn by agreement"]

1. g3 Nf6 2. Bg2 e6 3. d3 d5 4. Nc3 c5 5. Bd2 Nc6 6. e4 Be7 7. f4 O-O 8. Nf3 h6 9. O-O b6 10. e5 Nd7 11. Ne2 f6 12. d4 cxd4 13. Nexd4 Bc5 14. Be3 1/2-1/2

[Event "*** Titled Tuesday Blitz"]
[Site "Chess.com"]
[Date "2020.04.28"]
[Round "6"]
[White "MaxVavulin"]
[Black "keepitcool9499"]
[Result "1-0"]
[WhiteElo "2607"]
[BlackElo "2460"]
[TimeControl "180+1"]
[EndTime "11:01:53 PDT"]
[Termination "MaxVavulin won by resignation"]

1. e4 e6 2. d4 d5 3. Bd3 c5 4. exd5 Qxd5 5. Nc3 Qxg2 6. Be4 Qxh1 7. Bxh1 Nf6 8. Nb5 Na6 9. Bf4 Be7 10. Bd6 Bxd6 11.
Nxd6+ Ke7 12. dxc5 Nxc5 13. Qd4 Ncd7 14. O-O-O Rb8 15.
Qb4 Kd8 16. Nxf7+ 1-0

[Event "*** Titled Tuesday Blitz"]
[Site "Chess.com"]
[Date "2020.04.28"]
[Round "6"]
[White "northridgehawk"]
[Black "Zhani-Z"]
[Result "0-1"]
[WhiteElo "2308"]
[BlackElo "2485"]
[TimeControl "180+1"]
[EndTime "11:01:56 PDT"]
[Termination "Zhani-Z won by resignation"]

1. e4 e5 2. Bc4 Nc6 3. Nc3 Nf6 4. d3 Bb4 5. f4 d5 6. exd5 Nxd5 7. Ne2 Bg4 8. O-O Bxc3 9. Bxd5 Bd4+ 10. Nxd4 Bxd1 11.
Bxc6+ bxc6 12. Nxc6 Qd5 13. Nb4 Qd4+ 0-1

[Event "*** Titled Tuesday Blitz"]
[Site "Chess.com"]
[Date "2020.04.28"]
[Round "6"]
[White "Funkmaus"]
[Black "Keks2017"]
[Result "0-1"]
[WhiteElo "2205"]
[BlackElo "2418"]
[TimeControl "180+1"]
[EndTime "11:02:02 PDT"]
[Termination "Keks2017 won by resignation"]

1. d4 d6 2. Nf3 Nf6 3. g3 g6 4. Bg2 Bg7 5. O-O O-O 6. c3 Nbd7 7. Nbd2 e6 8. b3 Re8 9. a4 a5 10. e4 e5 11. dxe5 Nxe5 12. Nxe5 dxe5 13. Nc4 Be6 14. Nxe5 Qxd1 15. Rxd1 Bxb3 16. Re1 Rxe5 17. f4 Ree8 18. e5 Nd5 0-1

[Event "*** Titled Tuesday Blitz"]
[Site "Chess.com"]
[Date "2020.04.28"]
[Round "6"]
[White "Kostya26"]
[Black "tan275"]
[Result "1-0"]
[WhiteElo "2410"]
[BlackElo "2183"]
[TimeControl "180+1"]
[EndTime "11:02:06 PDT"]
[Termination "Kostya26 won by resignation"]

1. e4 c6 2. d4 d5 3. exd5 cxd5 4. Bd3 Nc6 5. c3 Qc7 6. Ne2 Nf6 7. Bf4 Qb6 8. Qb3 Qxb3 9. axb3 Nh5 10. Be3 e5 11. dxe5 Nxe5 12. Bb5+ Bd7 13. Bxd7+ Kxd7 14. Rxa7 Rxa7 15.
Bxa7 Nd3+ 16. Kd2 Nxf2 17. Bxf2 1-0

[Event "*** Titled Tuesday Blitz"]
[Site "Chess.com"]
[Date "2020.04.28"]
[Round "6"]
[White "Alexchess1984"]
[Black "kingnb"]
[Result "0-1"]
[WhiteElo "2662"]
[BlackElo "2485"]
[TimeControl "180+1"]
[EndTime "11:02:16 PDT"]
[Termination "kingnb won by resignation"]

1. e4 d5 2. exd5 Nf6 3. c4 e6 4.
Nc3 exd5 5. d4 Bb4 6. Nf3 O-O 7.
Bd3 dxc4 8. Bxc4 Bg4 9. Be3 Nc6 10. O-O Qd7 11. h3 Bh5 12. g4 Nxg4 13. Ng5 Nf6 14. Be2 Bxe2 15. Nxe2 h6 16. Nf3 Qxh3 17. Ng3 Bd6 18. Ne5 Nxe5 19. dxe5 Bxe5 20. Qf3 0-1

[Event "*** Titled Tuesday Blitz"]
[Site "Chess.com"]
[Date "2020.04.28"]
[Round "6"]
[White "PlayChessSimple"]
[Black "crossingthestreet"]
[Result "1-0"]
[WhiteElo "2500"]
[BlackElo "2316"]
[TimeControl "180+1"]
[EndTime "11:02:30 PDT"]
[Termination "PlayChessSimple won by resignation"]

1. e4 e6 2. d4 d5 3. e5 c5 4. c3 Nc6 5. Nf3 Bd7 6. Be2 Nge7 7. Na3 Nf5 8. Nc2 cxd4 9. cxd4 Rc8 10. O-O a6 11. Rb1 Be7 12. g4 Nh4 13. Nxh4 Bxh4 14.
f4 Be7 15. f5 f6 16. g5 fxe5 17. Bh5+ 1-0

[Event "*** Titled Tuesday Blitz"]
[Site "Chess.com"]
[Date "2020.04.28"]
[Round "6"]
[White "KrolPawel92OnTwitch"]
[Black "vladislavkovalev"]
[Result "0-1"]
[WhiteElo "2666"]
[BlackElo "2867"]
[TimeControl "180+1"]
[EndTime "11:02:34 PDT"]
[Termination "vladislavkovalev won by checkmate"]

1. e4 e5 2. Nf3 Nc6 3. Bc4 Nf6 4.
Ng5 d5 5. exd5 Na5 6. Bb5+ c6 7.
dxc6 bxc6 8. Bd3 Nd5 9. Nf3 Bd6 10. c3 f5 11. Bc2 e4 12. Nd4 O-O 13. b4 c5 14.
bxa5 cxd4 15. Bb3 Be6 16. c4 Nf4 17. O-O Qh4 18. c5 Ne2+ 19. Qxe2 Qxh2# 0-1

[Event "*** Titled Tuesday Blitz"]
[Site "Chess.com"]
[Date "2020.04.28"]
[Round "6"]
[White "VqquyenCFT"]
[Black "GelmanAlexander"]
[Result "0-1"]
[WhiteElo "2225"]
[BlackElo "2528"]
[TimeControl "180+1"]
[EndTime "11:02:35 PDT"]
[Termination "GelmanAlexander won by resignation"]

1. e4 c5 2. c3 e6 3. d4 d5 4. e5 Nc6 5. Nf3 Bd7 6. a3 f6 7.
exf6 Nxf6 8. Bd3 Bd6 9. O-O O-O 10. Re1 cxd4 11. cxd4 Ng4 12. h3 Nxf2 13. Kxf2 Qh4+ 14. Kg1 Rxf3 15. Qxf3 Qxe1+ 16. Qf1 Qg3 0-1

[Event "*** Titled Tuesday Blitz"]
[Site "Chess.com"]
[Date "2020.04.28"]
[Round "6"]
[White "Riptide27"]
[Black "Pavlov_Sergey"]
[Result "1-0"]
[WhiteElo "2492"]
[BlackElo "2625"]
[TimeControl "180+1"]
[EndTime "11:02:39 PDT"]
[Termination "Riptide27 won by resignation"]

1. d4 Nf6 2. c4 e6 3. Nc3 Bb4 4.
e3 b6 5. Bd2 Bb7 6. Nf3 O-O 7. Bd3 d5 8. cxd5 exd5 9. Rc1 Nbd7 10.
O-O a6 11. Ne5 Nxe5 12. dxe5 Nd7 13. f4 Nc5 14. Bb1 d4 15. Ne2 Qd5 16. Rf2 Bxd2 17. Qxd2 dxe3 18. Qxe3 Rad8 19. Nc3 Qd4 20. Qxd4 Rxd4 21.
Rd1 Rfd8 22. Rxd4 Rd5 23. Rxd5 1-0

[Event "*** Titled Tuesday Blitz"]
[Site "Chess.com"]
[Date "2020.04.28"]
[Round "6"]
[White "petincash"]
[Black "jucAxx"]
[Result "1-0"]
[WhiteElo "2385"]
[BlackElo "2114"]
[TimeControl "180+1"]
[EndTime "11:02:51 PDT"]
[Termination "petincash won by resignation"]

1. e4 e6 2. Nc3 d5 3. d4 Bb4 4.
exd5 exd5 5. Bd3 Nf6 6. a3 Bxc3+ 7. bxc3 O-O 8. h3 Re8+ 9. Ne2 c5 10. dxc5 Qa5 11. O-O Qxc5 12. Be3 Qc7 13. Bf4 Qa5 14. Nd4 Qxc3 15. Nb5 Qa5 16. Nc7 1-0

[Event "*** Titled Tuesday Blitz"]
[Site "Chess.com"]
[Date "2020.04.28"]
[Round "6"]
[White "stasiek18"]
[Black "goofypenguin96"]
[Result "1-0"]
[WhiteElo "2342"]
[BlackElo "2164"]
[TimeControl "180+1"]
[EndTime "11:02:53 PDT"]
[Termination "stasiek18 won by resignation"]

1. e4 e5 2. Nf3 Nc6 3. Bc4 Bc5 4.
b4 Bxb4 5. c3 Ba5 6. d4 Qe7 7. O-O Nf6 8. Ba3 d6 9. d5 Nxe4 10. dxc6 Nxc3 11. Nxc3 Bxc3 12. Rc1 Ba5 13. cxb7 Bxb7 14. Qa4+ Kf8 15. Qxa5 h5 16. Bd5 1-0

[Event "*** Titled Tuesday Blitz"]
[Site "Chess.com"]
[Date "2020.04.28"]
[Round "6"]
[White "vovachesss"]
[Black "Sandstad"]
[Result "0-1"]
[WhiteElo "2547"]
[BlackElo "2456"]
[TimeControl "180+1"]
[EndTime "11:03:05 PDT"]
[Termination "Sandstad won by resignation"]

1. d4 Nf6 2. Nc3 g6 3. e4 d6 4. Be3 Bg7 5. Qd2 c6 6. O-O-O b5 7. f3 Qa5 8. Kb1 Nbd7 9. h4 h5 10. Nge2 Nb6 11. Nc1 Nc4 12. Qf2 Rb8 13. Nb3 Qc7 14. f4 Ng4 0-1

[Event "*** Titled Tuesday Blitz"]
[Site "Chess.com"]
[Date "2020.04.28"]
[Round "6"]
[White "Megagigahiper3345"]
[Black "ChessBitl"]
[Result "1-0"]
[WhiteElo "2458"]
[BlackElo "2287"]
[TimeControl "180+1"]
[EndTime "11:03:09 PDT"]
[Termination "Megagigahiper3345 won by resignation"]

1. d4 Nf6 2. c4 g6 3. Nc3 Bg7 4. e4 d6 5. Be2 O-O 6. Be3 e5 7. d5 a5 8. g4 Na6 9. h4 Nc5 10. f3 Ne8 11. h5 f5 12. hxg6 hxg6 13.
gxf5 gxf5 14. Qd2 f4 15. Bf2 Bf6 16. O-O-O Ng7 17. Nh3 Bd7 18. Rdg1 Kf7 19. Bxc5 dxc5 20. Nf2 Rh8 21. Rxh8 Qxh8 22. Rh1 Qg8 23. Bf1 Ke7 24. d6+ cxd6 25. Nd5+ Kf7 26. Nxf6 Kxf6 27. Qxd6+ Be6 28. Ng4+ Kf7 29. Nh6+ 1-0

[Event "*** Titled Tuesday Blitz"]
[Site "Chess.com"]
[Date "2020.04.28"]
[Round "6"]
[White "Chepaschess"]
[Black "Zhuu96"]
[Result "1-0"]
[WhiteElo "2671"]
[BlackElo "2936"]
[TimeControl "180+1"]
[EndTime "11:03:14 PDT"]
[Termination "Chepaschess won by resignation"]

1. d4 Nf6 2. c4 g6 3. Nc3 Bg7 4.
e4 O-O 5. h3 a6 6. Be3 b6 7.
Nf3 d6 8. Bd3 Bb7 9. d5 c6 10.
a4 Nbd7 11. O-O Rc8 12. Qd2 Nc5 13. Bc2 a5 14. Nd4 Nfd7 15. dxc6 Bxc6 16. Nxc6 Rxc6 17. b3 Ne6 18. Rad1 Ndc5 19. Nd5 Qd7 20. f4 Nc7 21. f5 Be5 22. Kh1 Ne8 23. Nxb6 Rxb6 24. Bxc5 Ra6 25. Bd4 Qc7 26. Bxe5 dxe5 27. Qd7 Qc5 28.
Rd5 Qe3 29. Qxe7 Qe2 30. Bd3 Qh5 31. Rd8 1-0

[Event "*** Titled Tuesday Blitz"]
[Site "Chess.com"]
[Date "2020.04.28"]
[Round "6"]
[White "rasmussvane"]
[Black "emperor87"]
[Result "1-0"]
[WhiteElo "2855"]
[BlackElo "2606"]
[TimeControl "180+1"]
[EndTime "11:03:14 PDT"]
[Termination "rasmussvane won by resignation"]

1. Nf3 d5 2. g3 Nf6 3. Bg2 g6 4. O-O Bg7 5. d4 O-O 6. c4 c6 7. Qb3 dxc4 8. Qxc4 a5 9. Rd1 Be6 10. Qc2 a4 11. Nc3 Nd5 12. e4 Nb4 13. Qe2 Bg4 14.
Be3 a3 15. h3 Bxf3 16. Bxf3 Qa5 17. Rab1 Nd7 18. bxa3 Qxa3 19. Rb3 Qa5 20. Rdb1 Na6 21.
Rxb7 Qxc3 22. Rxd7 Rfd8 23. Rxd8+ Rxd8 24. Qxa6 1-0

[Event "*** Titled Tuesday Blitz"]
[Site "Chess.com"]
[Date "2020.04.28"]
[Round "6"]
[White "Galileo22"]
[Black "CMS13"]
[Result "1-0"]
[WhiteElo "2335"]
[BlackElo "2146"]
[TimeControl "180+1"]
[EndTime "11:03:22 PDT"]
[Termination "Galileo22 won by checkmate"]

1. d4 d5 2. Nf3 Nf6 3. Bf4 e6 4. e3 c5 5. Nbd2 Nc6 6. c3 Bd6 7. Bg3 O-O 8. Bd3 Qc7 9. dxc5 Bxg3 10. hxg3 e5 11. e4 Bg4 12. exd5 e4 13. Nxe4 Nxe4 14.
dxc6 Qxc6 15. Qc2 f5 16. O-O-O Nxc5 17. Bc4+ Kh8 18. Ne5 Qe4 19. Ng6# 1-0

[Event "*** Titled Tuesday Blitz"]
[Site "Chess.com"]
[Date "2020.04.28"]
[Round "6"]
[White "Muracle"]
[Black "fastestmindalive"]
[Result "0-1"]
[WhiteElo "2669"]
[BlackElo "2824"]
[TimeControl "180+1"]
[EndTime "11:03:32 PDT"]
[Termination "fastestmindalive won by resignation"]

1. Nf3 Nf6 2. g3 g6 3. Bg2 Bg7 4. O-O O-O 5. d4 d6 6. b3 c6 7. Bb2 Qa5 8. h3 Qh5 9. g4 Bxg4 10. hxg4 Nxg4 11. Nbd2 f5 12. Re1 Nd7 13. Nf1 f4 14.
Qd3 Rae8 15. N3h2 Ndf6 16. Qh3 Qg5 17. Nxg4 Nxg4 18. Nh2 Nxh2 19. Kxh2 e6 20. f3 Rf5 21. Kg1 Qf6 22. Kf2 Rh5 23. Qg4 Rh4 24. d5 Qd8 0-1

[Event "*** Titled Tuesday Blitz"]
[Site "Chess.com"]
[Date "2020.04.28"]
[Round "6"]
[White "lelya96"]
[Black "Tynano"]
[Result "0-1"]
[WhiteElo "2270"]
[BlackElo "2154"]
[TimeControl "180+1"]
[EndTime "11:03:33 PDT"]
[Termination "Tynano won by resignation"]

1. e4 e5 2. Nf3 Nc6 3. Bb5 f5 4. Qe2 fxe4 5. Qxe4 Nf6 6. Qc4 d5 7. Bxc6+ bxc6 8. Qxc6+ Bd7 9. Qc3 e4 10. Qe5+ Be7 11.
Nd4 Qc8 12. c4 c5 13. cxd5 cxd4 14. O-O Qb8 15. Qxd4 Bd6 16. d3 Bxh2+ 17. Kh1 O-O 18. dxe4 Ng4 19. Nc3 Bg1 20. d6 Bxf2 21. Qd5+ Kh8 22.
Bg5 Qe8 23. Be7 Rf5 0-1

[Event "*** Titled Tuesday Blitz"]
[Site "Chess.com"]
[Date "2020.04.28"]
[Round "6"]
[White "mamey78"]
[Black "Borsuk_Konstantin"]
[Result "1/2-1/2"]
[WhiteElo "2408"]
[BlackElo "2565"]
[TimeControl "180+1"]
[EndTime "11:03:37 PDT"]
[Termination "Game drawn by repetition"]

1. e4 e6 2. d4 d5 3. exd5 exd5 4.
c4 Nf6 5. Nc3 Be7 6. Nf3 O-O 7. h3 b6 8. Bd3 dxc4 9. Bxc4 Ba6 10. Bxa6 Nxa6 11. O-O Nb4 12. Ne5 h6 13. a3 Nbd5 14.
Qf3 Re8 15. Qg3 Nh5 16. Qf3 Nhf6 17. Qg3 Nh5 18. Qg4 Nhf6 19. Qg3 1/2-1/2

[Event "*** Titled Tuesday Blitz"]
[Site "Chess.com"]
[Date "2020.04.28"]
[Round "6"]
[White "calin_dragomirescu"]
[Black "cukin84"]
[Result "0-1"]
[WhiteElo "2233"]
[BlackElo "2084"]
[TimeControl "180+1"]
[EndTime "11:03:40 PDT"]
[Termination "cukin84 won by checkmate"]

1. Nf3 f5 2. g3 Nf6 3. d4 g6 4. Bg2 Bg7 5. O-O O-O 6. c4 d6 7. Nc3 Qe8 8. b3 h6 9. d5 a5 10.
Bb2 Na6 11. Nd4 Nc5 12. Ncb5 Na6 13. Ne6 Bxe6 14. dxe6 c6 15. Nd4 Qc8 16. Re1 Nc5 17.
Rc1 Nxe6 18. Nxe6 Qxe6 19. Qd2 Ne4 20. Qc2 Bxb2 21. Qxb2 Rf7 22. h4 Raf8 23. Qc2 g5 24.
hxg5 hxg5 25. e3 g4 26. Re2 Ng5 27. Rd2 Nf3+ 28. Bxf3 gxf3 29. Rd4 Rh7 30. Qd1 f4 31.
exf4 Rh1+ 32. Kxh1 Qh3+ 33. Kg1 Qg2# 0-1

[Event "*** Titled Tuesday Blitz"]
[Site "Chess.com"]
[Date "2020.04.28"]
[Round "6"]
[White "jaskol95"]
[Black "CMFernandez"]
[Result "1-0"]
[WhiteElo "2267"]
[BlackElo "2066"]
[TimeControl "180+1"]
[EndTime "11:03:43 PDT"]
[Termination "jaskol95 won by checkmate"]

1. d4 Nf6 2. Bf4 g6 3. Nc3 c5 4.
d5 d6 5. e4 Bg7 6. Qd2 Na6 7.
Bh6 Bxh6 8. Qxh6 Nc7 9. f4 b5 10. Nxb5 Nxe4 11. Qg7 Rf8 12. Bd3 Nf6 13. O-O-O Nxb5 14. Bxb5+ Bd7 15. Bc4 Qa5 16. Nf3 Rb8 17. Rhe1 Qb4 18.
Qxf6 e5 19. dxe6 fxe6 20. Rxe6+ Bxe6 21. Qxe6+ Kd8 22. Rxd6+ Kc7 23. Qd7# 1-0